 Dungeon Crawl Stone Soup version 0.19.0-19-g8c6edcc (console) character file.

50170 nht the Fencer (level 14, -2/96 HPs)
             Began as a Merfolk Berserker on Nov 14, 2016.
             Was a High Priest of Trog.
             Slain by a slime creature (9 damage)
             ... on level 12 of the Dungeon.
             The game lasted 00:57:53 (17807 turns).

nht the Fencer (Merfolk Berserker)                 Turns: 17807, Time: 00:57:54

Health: -2/96      AC: 10    Str: 18    XL:     14   Next: 54%
Magic:  14/14      EV: 21    Int:  5    God:    Trog [*****.]
Gold:   789        SH:  0    Dex: 17    Spells: 0 memorised, 13 levels left

rFire  . . .     SeeInvis .     R - +4 great sword (holy)
rCold  + + .     Gourm    .     p - +1 leather armour {rPois}
rNeg   . . .     Faith    .     (shield currently unavailable)
rPois  +         Spirit   .     K - +0 helmet
rElec  .         Reflect  .     m - +0 cloak
rCorr  .         Harm     .     O - +0 pair of gloves
MR     ++...                    E - +0 pair of boots
Stlth  +++.......               z - amulet of regeneration
                                B - ring of protection from cold (curse)
                                H - ring of protection from magic

@: exhausted
A: change form in water, swift swim, stealthy swim, iridescent scales 1, cold
resistance 1, dopey 1
a: Berserk, Trog's Hand, Brothers in Arms, Burn Spellbooks, Renounce Religion


You were on level 12 of the Dungeon.
You worshipped Trog.
Trog was extremely pleased with you.
You were very hungry.

You visited 2 branches of the dungeon, and saw 18 of its levels.
You also visited: Sewer.

You collected 1327 gold pieces.
You spent 538 gold pieces at shops.

Inventory:

Hand Weapons
 a - a +2 dagger of electrocution
 b - a +1 long sword of flaming
 A - the +10 arbalest of the Skies Above {venom, rElec Str-2 Dex+4 Stlth+}
   (You found it on level 9 of the Dungeon)

   It poisons the ammo it fires.
   It affects your strength (-2).
   It affects your dexterity (+4).
   It insulates you from electricity.
   It makes you more stealthy.
 M - a +0 triple sword
 R - a +4 great sword of holy wrath (weapon)
 T - a +0 blowgun
Missiles
 d - 4 steel tomahawks (quivered)
 i - 6 javelins of returning
 j - 16 tomahawks
 t - 39 poisoned needles
 F - 7 needles of confusion
 Q - a throwing net
 W - 4 poisoned javelins
Armour
 m - a +0 cloak (worn)
 p - a +1 leather armour of poison resistance (worn)
 y - the +5 ice dragon scales of Ychuugg {rF- rC++ MP+9 Int+2}
   (You found it on level 5 of the Dungeon)

   It affects your intelligence (+2).
   It makes you vulnerable to fire.
   It greatly protects you from cold.
   It affects your magic capacity (+9).
 C - a +2 leather armour of cold resistance
 E - a +0 pair of boots (worn)
 K - a +0 helmet (worn)
 O - a +0 pair of gloves (worn)
 P - a +2 robe of positive energy
Jewellery
 z - an amulet of regeneration (around neck)
 B - a cursed ring of protection from cold (right hand)
 G - an uncursed ring of poison resistance
 H - a ring of protection from magic (left hand)
 J - an uncursed ring of see invisible
 Y - the ring "Soskat" {+Fly rC+ Str+4 Int+2 Dex-3}
   (You found it on level 11 of the Dungeon)

   [ring of protection from cold]

   It affects your strength (+4).
   It affects your intelligence (+2).
   It affects your dexterity (-3).
   It protects you from cold.
   It lets you fly.
Wands
 S - a wand of flame (35/48)
 V - a wand of polymorph (13/24)
 X - a wand of confusion (7/48)
 Z - a wand of slowing (32/48)
Scrolls
 e - 6 scrolls of magic mapping
 h - 10 scrolls of identify
 v - 4 scrolls of enchant armour
 w - 5 scrolls of remove curse
 D - 2 scrolls of enchant weapon
 L - 8 scrolls of teleportation
Potions
 n - 5 potions of curing
 r - a potion of lignification
 s - 3 potions of heal wounds
 x - 3 potions of might
 I - a potion of berserk rage
 N - 2 potions of haste
 U - a potion of agility
Miscellaneous
 l - a lamp of fire (inert)
Comestibles
 c - 16 bread rations
 f - 11 slices of pizza
 g - 11 fruits
 k - 2 royal jellies
 q - 7 meat rations
 u - 24 beef jerkies


   Skills:
 - Level 4.7 Fighting
 + Level 20.4 Long Blades
 - Level 10.0 Throwing
 - Level 1.3 Armour
 - Level 12.5 Dodging
 - Level 4.3 Stealth


You had 13 spell levels left.
You didn't know any spells.

Dungeon Overview and Level Annotations

Branches:
Dungeon (12/15)            Temple (0/1) D:4            Lair (6/6) D:10
 Shoals (0/4) Lair:4        Snake (0/4) Lair:4        Slime (0/5) Lair:5
    Orc: D:9-12

Altars:
Ashenzari
Cheibriados
Dithmenos
Kikubaaqudgha
Nemelex Xobeh
Okawaru
Qazlal
Trog
Vehumet
Yredelemnul
The Shining One
Jiyva

Shops:
D:5 !**

Portals:
Bazaar: D:12

Annotations:
D:9 disint/dig
Lair:5 1 runed door


Innate Abilities, Weirdness & Mutations

You revert to your normal form in water.
You are very nimble and swift while swimming.
You are very stealthy in the water. (Stealth+)
You are partially covered in iridescent scales. (AC +2)
Your flesh is cold resistant. (rC+)
You are dopey. (Int -2)


Message History

You feel magically purged.
You feel less woody.
Your +0 cloak unmelds from your body.
Your +0 helmet unmelds from your body.
Your +0 pair of gloves unmelds from your body.
Your +0 pair of boots unmelds from your body.
Your +1 leather armour of poison resistance unmelds from your body.
You feel resistant to poison.
You feel yourself speed up. The slime creature closely misses you.
You riposte.
You slash the slime creature!
The slime creature is severely wounded.
The slime creature hits you.
* * * LOW HITPOINT WARNING * * *
The slime creature hits you.
* * * LOW HITPOINT WARNING * * *
The slime creature completely misses you.
You riposte.
You hit the slime creature.
The slime creature is severely wounded.
The slime creature hits you!
You die... █..JY█.█.....████.█.█.. █..(.█.██████.....█.█.. ████(█.......██████.█.. █.████████.......█.. █.Y.......████████.. █...J............... ████ █.████.....█████.... ...█ █.J..†.....█ █.... ...█ █.J@J...(..█ █.... ...█ █.......(..█ █.... ...█ █.......(..█ █████

...███████████..........█
█
...█...█.....)██+██..)..█
█
...█..<█......'...█.....█
█
...█...█......█...█.....█
█
...'...█......█...█.....█
█
...█████......█...█...>.█
█


You could see 3 slime creatures.

Vanquished Creatures
  3 hydras
  A catoblepas (Lair:5)
  A deep troll (shapeshifter) (D:9)
  2 unseen horrors
  2 hill giants
  A wolf spider (D:9)
  A manticore (D:11)
  7 black mambas
  4 elephants (Lair:6)
  A siren (Lair:4)
  A centaur zombie (D:12)
  Joseph (D:8)
  Psyche (D:10)
  A centaur skeleton (D:11)
  A gargoyle (D:10)
  A kobold demonologist (D:12)
  8 spiny frogs
  8 komodo dragons
  A rime drake (Lair:4)
  3 merfolk (Lair:4)
  2 trolls
  Grinder (D:3)
  A two-headed ogre (D:10)
  15 blink frogs
  5 slime creatures (D:12)
  2 hornets
  10 hippogriffs
  7 polar bears (Lair:6)
  2 raiju (Lair:6)
  A meliai zombie (D:12)
  Eustachio (D:4)
  45 yaks
  3 basilisks
  3 hogs (D:8)
  3 wyverns
  Grum (D:8)
  A hungry ghost (D:12)
  A human (D:8)
  3 wargs (Lair:6)
  Menkaure (D:4)
  8 water moccasins
  6 hell hounds (Lair:6)
  14 porcupines
  3 orc warriors
  14 black bears
  2 sky beasts
  2 phantoms
  8 ogres
  2 ice beasts
  18 wolves
  12 crocodiles
  4 centaurs
  A big kobold (D:7)
  20 bullfrogs
  6 scorpions
  4 wights (D:9)
  4 howler monkeys
  2 electric eels (D:9)
  3 bullfrog zombies
  3 crimson imps
  A quasit (D:6)
  17 hounds
  11 orc priests
  5 jellies
  11 orc wizards
  2 bullfrog skeletons (D:7)
  12 iguanas
  12 worker ants
  A hound zombie (D:6)
  A hound skeleton (D:4)
  A worker ant zombie (D:8)
  7 gnolls (D:2)
  A howler monkey skeleton (D:7)
  13 adders
  A river rat (D:10)
  2 shadow imps (D:5)
  An ooze (D:1)
  2 adder skeletons
  3 worms
  2 dart slugs (D:1)
  6 leopard geckos
  55 orcs
  9 giant cockroaches
  8 goblins
  6 hobgoblins
  6 jackals
  7 quokkas
  3 ball pythons (D:4)
  A ball python zombie (D:5)
  17 bats
  5 frilled lizards
  A giant cockroach zombie (D:5)
  6 kobolds
  2 quokka zombies
  13 rats
  2 plants (Lair:6)
546 creatures vanquished.

Vanquished Creatures (collateral kills)
  4 death yaks (Lair:4)
  Nergalle (Lair:4)
  2 elephants (Lair:6)
  A polar bear (Lair:6)
  2 raiju (Lair:6)
  A yak (shapeshifter) (D:9)
  A yak (D:12)
  A basilisk (Lair:6)
  2 wargs (Lair:6)
  2 sky beasts (D:9)
  An ogre (D:9)
  4 wolves (Lair:6)
  A crimson imp (D:9)
  3 hounds (Lair:6)
  A worker ant (D:9)
  An orc (D:9)
28 creatures vanquished.

Vanquished Creatures (others)
  10 fungi (Lair:6)
  11 plants
21 creatures vanquished.

Grand Total: 595 creatures vanquished

Notes
Turn   | Place    | Note
-------+----------+-------------------------------------------
     0 | D:1      | nht the Merfolk Berserker began the quest for the Orb.
     0 | D:1      | Reached XP level 1. HP: 18/18 MP: 1/1
   210 | D:1      | Reached XP level 2. HP: 24/24 MP: 2/2
   279 | D:1      | Reached skill level 4 in Long Blades
   453 | D:1      | Reached XP level 3. HP: 28/29 MP: 3/3
   784 | D:1      | Reached ** piety under Trog
  1121 | D:2      | Reached skill level 5 in Long Blades
  1158 | D:2      | Reached XP level 4. HP: 18/35 MP: 4/4
  1517 | D:2      | Reached skill level 6 in Long Blades
  1517 | D:2      | Reached XP level 5. HP: 41/41 MP: 5/5
  1968 | D:3      | Found a glowing drain.
  1978 | D:3      | Reached *** piety under Trog
  1994 | Sewer    | Entered a sewer
  2024 | Sewer    | Noticed a crocodile
  2051 | Sewer    | Killed a crocodile
  2051 | Sewer    | Reached skill level 7 in Long Blades
  2051 | Sewer    | Reached XP level 6. HP: 19/47 MP: 6/6
  2495 | D:3      | Noticed a phantom
  2506 | D:3      | Killed a phantom
  2506 | D:3      | Reached skill level 8 in Long Blades
  2715 | D:3      | Noticed Grinder
  2715 | D:3      | Paralysed by Grinder for 4 turns
  2725 | D:3      | Killed Grinder
  2725 | D:3      | Reached skill level 9 in Long Blades
  2725 | D:3      | Reached XP level 7. HP: 51/52 MP: 7/7
  2761 | D:4      | Noticed Eustachio
  2770 | D:4      | Killed Eustachio
  2773 | D:4      | Reached **** piety under Trog
  2829 | D:4      | Reached skill level 10 in Long Blades
  2890 | D:4      | Reached XP level 8. HP: 24/58 MP: 8/8
  3328 | D:4      | Found a staircase to the Ecumenical Temple.
  3373 | D:4      | Noticed Menkaure
  3377 | D:4      | Killed Menkaure
  3384 | D:4      | Found an ancient bone altar of Kikubaaqudgha.
  3452 | D:4      | Found an iron altar of Okawaru.
  3453 | D:4      | Found a bloodstained altar of Trog.
  3541 | D:5      | Entered Level 5 of the Dungeon
  3550 | D:5      | Reached skill level 11 in Long Blades
  3621 | D:5      | Found a glowing golden altar of the Shining One.
  3624 | D:5      | Found a radiant altar of Vehumet.
  3627 | D:5      | Found a stormy altar of Qazlal.
  3658 | D:5      | Found Mova's General Store.
  3683 | D:5      | Bought a scroll of magic mapping for 42 gold pieces
  3683 | D:5      | Bought a scroll of identify for 24 gold pieces
  3683 | D:5      | Bought a potion of might for 48 gold pieces
  3697 | D:5      | Got shimmering ice dragon scales
  3698 | D:5      | Identified the +5 ice dragon scales of Ychuugg {rF- rC++ MP+9 Int+2} (You found it on level 5 of the Dungeon)
  3822 | D:5      | Found a shattered altar of Ashenzari.
  3987 | D:5      | Found Cestec's Assorted Antiques.
  4063 | D:5      | Found Gevievo's Distillery.
  4090 | D:5      | Bought a coppery potion for 26 gold pieces
  4090 | D:5      | Bought a scroll labeled NANIME ITA for 29 gold pieces
  4090 | D:5      | Bought a granite ring for 145 gold pieces
  4200 | D:5      | Reached skill level 12 in Long Blades
  4612 | D:5      | Reached XP level 9. HP: 58/64 MP: 9/9
  5203 | D:6      | Reached skill level 13 in Long Blades
  5814 | D:5      | Bought a potion of curing for 42 gold pieces
  6261 | D:7      | Found a basalt altar of Yredelemnul.
  6483 | D:8      | Found a snail-covered altar of Cheibriados.
  6494 | D:8      | Found a sparkling altar of Nemelex Xobeh.
  6553 | D:8      | Reached skill level 14 in Long Blades
  6612 | D:8      | Noticed Joseph
  6627 | D:8      | Noticed Grum
  6637 | D:8      | Reached skill level 1 in Throwing
  6677 | D:8      | Killed Grum
  6681 | D:8      | Reached XP level 10. HP: 47/70 MP: 10/10
  6790 | D:8      | Killed Joseph
  6790 | D:8      | Reached skill level 5 in Dodging
  7109 | D:5      | Bought a potion of heal wounds for 70 gold pieces
  7109 | D:5      | Bought a potion of might for 56 gold pieces
  7109 | D:5      | Bought a potion of might for 56 gold pieces
  7440 | D:9      | Found a runed door.
  7443 | D:9      | Reached skill level 5 in Throwing
  7445 | D:9      | Reached ***** piety under Trog
  7855 | D:9      | Found a shadowy altar of Dithmenos.
  7913 | D:9      | Noticed a wolf spider
  7915 | D:9      | gtfo
  7920 | D:9      | Killed a wolf spider
  7922 | D:9      | Reached XP level 11. HP: 63/75 MP: 11/11
  7950 | D:9      | Got a pitted arbalest
  7958 | D:9      | Identified the +10 arbalest of the Skies Above {venom, rElec Str-2 Dex+4 Stlth+} (You found it on level 9 of the Dungeon)
  8083 | D:9      | Noticed a deep troll
  8091 | D:9      | Killed a deep troll
  8091 | D:9      | Reached skill level 10 in Dodging
  8127 | D:10     | Entered Level 10 of the Dungeon
  8470 | D:10     | Found a staircase to the Lair.
  8538 | D:10     | Received a gift from Trog
  8678 | D:10     | Noticed Psyche
  8701 | D:10     | Killed Psyche
  8758 | D:10     | Killed an unseen horror
  8873 | D:10     | Noticed a hill giant
  8882 | D:10     | Killed a hill giant
  9152 | Lair:1   | Entered Level 1 of the Lair of Beasts
  9477 | Lair:1   | Received a gift from Trog
  9730 | Lair:1   | Reached skill level 1 in Stealth
 10494 | Lair:2   | Reached XP level 12. HP: 83/83 MP: 12/12
 10792 | Lair:2   | Gained mutation: You are partially covered in iridescent scales. (AC +2) [potion of mutation]
 10792 | Lair:2   | Gained mutation: You are dopey. (Int -2) [potion of mutation]
 10792 | Lair:2   | Gained mutation: Your flesh is cold resistant. (rC+) [potion of mutation]
 11278 | Lair:3   | Found a glowing golden altar of the Shining One.
 11470 | Lair:3   | Received a gift from Trog
 11552 | Lair:3   | Reached skill level 10 in Throwing
 12023 | Lair:4   | Found a staircase to the Snake Pit.
 12157 | Lair:4   | Noticed Nergalle
 12243 | Lair:4   | Killed Nergalle
 12306 | Lair:4   | Noticed a death yak
 12308 | Lair:4   | Noticed a death yak
 12311 | Lair:4   | Noticed a death yak
 12318 | Lair:4   | Killed a death yak
 12323 | Lair:4   | Noticed a death yak
 12327 | Lair:4   | Killed a death yak
 12327 | Lair:4   | Reached skill level 15 in Long Blades
 12333 | Lair:4   | Killed a death yak
 12340 | Lair:4   | Killed a death yak
 12609 | Lair:4   | Reached skill level 16 in Long Blades
 12686 | Lair:4   | Found a staircase to the Shoals.
 12807 | Lair:4   | Reached XP level 13. HP: 90/90 MP: 13/13
 13183 | Lair:5   | Found a runed door.
 13183 | Lair:5   | Found a viscous altar of Jiyva.
 13186 | Lair:5   | Noticed an azure jelly
 13186 | Lair:5   | Noticed an azure jelly
 13329 | Lair:5   | Received a gift from Trog
 13431 | Lair:5   | Reached skill level 17 in Long Blades
 13534 | Lair:5   | Found a staircase to the Slime Pits.
 13883 | Lair:6   | Entered Level 6 of the Lair of Beasts
 14232 | Lair:6   | Reached skill level 18 in Long Blades
 15256 | Lair:6   | Received a gift from Trog
 15285 | Lair:6   | Reached skill level 19 in Long Blades
 15369 | Lair:6   | Reached XP level 14. HP: 96/96 MP: 14/14
 16472 | D:11     | Received a gift from Trog
 16623 | D:11     | Reached skill level 20 in Long Blades
 16738 | D:11     | Got a transparent wooden ring
 16763 | D:11     | Identified the ring "Soskat" {+Fly rC+ Str+4 Int+2 Dex-3} (You found it on level 11 of the Dungeon)
 17556 | D:12     | Found a gateway to a bazaar.
 17807 | D:12     | Slain by a slime creature

Skill      XL: |  1  2  3  4  5  6  7  8  9 10 11 12 13 14 |
---------------+-------------------------------------------+-----
Long Blades    | 4 5 6 7 9 10 12 14 16 19 20 | 20.4
Dodging        | 4 9 12 | 12.5
Throwing       | 2 6 9 10 | 10.0
Stealth        | 3 4 |  4.3
Fighting       | 4 |  4.7
Armour         | |  1.3

Action                   |  1- 3 |  4- 6 |  7- 9 | 10-12 | 13-15 || total
-------------------------+-------+-------+-------+-------+-------++-------
Melee: Falchion          |    90 |   144 |   436 |       |       ||   670
       Tailslap          |       |     6 |       |     2 |    11 ||    19
       Dagger            |       |       |    67 |   808 |   759 ||  1634
       Arbalest          |       |       |       |       |     1 ||     1
       Great sword       |       |       |       |       |   166 ||   166
Throw: Throwing net      |       |     1 |     1 |     2 |       ||     4
       Tomahawk          |       |       |       |    31 |    19 ||    50
       Javelin           |       |       |       |       |    19 ||    19
Invok: Berserk           |     2 |     4 |     8 |    19 |    18 ||    51
       Trog's Hand       |       |       |     3 |       |       ||     3
       Burn Spellbooks   |       |       |     1 |     3 |     5 ||     9
       Brothers in Arms  |       |       |       |     5 |     6 ||    11
Evoke: Wand              |       |     3 |    23 |    29 |     6 ||    61
       Lamp of fire      |       |       |       |     2 |     1 ||     3
  Use: Potion            |       |     4 |     9 |     3 |     3 ||    19
       Scroll            |       |     4 |    11 |     4 |     8 ||    27
 Stab: Sleeping          |     2 |     2 |     4 |     7 |     6 ||    21
       Held in net/web   |       |     1 |       |       |       ||     1
       Invisible         |       |       |     3 |       |       ||     3
       Distracted        |       |       |       |       |     4 ||     4
  Eat: Chunk             |     3 |     8 |    20 |    40 |    32 ||   103
       Pizza             |       |       |     1 |       |       ||     1
       Fruit             |       |       |       |       |     3 ||     3
Armor: Animal skin       |    16 |    19 |    15 |       |       ||    50
       Skin              |       |     7 |       |    20 |     7 ||    34
       Leather armour    |       |       |    48 |    53 |   127 ||   228
Dodge: Dodged            |    78 |    87 |   241 |   395 |   712 ||  1513
       Rpst.: Falchion   |    27 |    26 |    59 |       |       ||   112
       Great sword       |       |       |       |       |    28 ||    28
